 Dungeon Crawl Stone Soup version 0.29.1-12-g30fa7ad0bf (webtiles) character file.

Game seed: 10346291536856374921

19253 cheesebisquit the Severer (level 12, -6/100 HPs)
             Began as a Minotaur Berserker on Dec 23, 2022.
             Was a Believer of Trog.
             Succumbed to Nessos's poison
             ... on level 13 of the Dungeon.
             The game lasted 01:01:22 (14408 turns).

cheesebisquit the Severer (Minotaur Berserker)     Turns: 14408, Time: 01:01:23

Health: -6/100     AC: 14    Str: 27    XL:     12   Next: 34%
Magic:  20/20      EV:  5    Int:  4    God:    Trog [**....]
Gold:   645        SH: 14    Dex: 10    Spells: 11/11 levels left

rFire   . . .      SeeInvis .   a - +4 broad axe of Vioz {drain, +Blink MP+9}
rCold   . . .      Faith    .   i - +0 tower shield
rNeg    + . .      Spirit   .   j - +0 plate armour
rPois   .          Reflect  .   (helmet restricted)
rElec   .          Harm     .   x - +0 cloak
rCorr   +          Rampage  .   (no gloves)
Will    .....                   (no boots)
Stlth   ..........              n - amulet of magic regeneration
HPRegen 0.26/turn               m - ring of resist corrosion
MPRegen 0.57/turn               o - ring of positive energy

@: lethally poisoned (-6 -> -37), about to teleport
A: horns 2, retaliatory headbutt
a: Renounce Religion, Evoke Blink, Berserk, Trog's Hand


You were on level 13 of the Dungeon.
You worshipped Trog.
Trog was pleased with you.
You visited 1 branch of the dungeon, and saw 14 of its levels.

You collected 736 gold pieces.
You spent 91 gold pieces at shops.

Inventory:

Hand Weapons
 a - the +4 broad axe of Vioz (weapon) {drain, +Blink MP+9}
   (You took it off an orc warrior on level 9 of the Dungeon)

   A truly terrible weapon, it drains the life of any living foe it strikes.
   MP:        It affects your magic capacity (+9).
   +Blink:    It lets you blink.
 b - a +0 sling
 k - a +4 battleaxe of draining
 s - a +3 war axe
 t - a +0 hand axe
 R - a +3 war axe of freezing
 T - the +14 obsidian axe {vorpal, Mesm Drain Fly SInv}
   (You found it on level 9 of the Dungeon)

   It inflicts extra damage upon your enemies.
   It occasionally summons demons to assist the wielder when it strikes in
   combat.
   Its wielder is mesmerised by any visible foes.
   It cannot be unequipped while any foes are visible.
   SInv:      It lets you see invisible.
   Fly:       It grants you flight.
   Drain:     It drains your maximum health when unequipped.
 V - a +0 broad axe
Missiles
 q - 15 poisoned darts
 r - 4 curare-tipped darts (quivered)
 K - 6 javelins
 O - 3 throwing nets
 Y - 2 atropa-tipped darts
Armour
 i - a +0 tower shield (worn)
 j - a +0 plate armour (worn)
 x - a +0 cloak (worn)
 D - a scarf of invisibility
Jewellery
 m - a ring of resist corrosion (left hand)
 n - an amulet of magic regeneration (around neck)
 o - a ring of positive energy (right hand)
 H - a ring of positive energy
 N - the ring "Gech" {rPois rN+ Will+ Int-5}
   (You found it on level 6 of the Dungeon)

   [ring of positive energy]

   Int:       It affects your intelligence (-5).
   rPois:     It protects you from poison.
   rN:        It protects you from negative energy.
   Will:      It increases your willpower.
 S - the ring "Vuujagosk" {Contam rF+ rN++ Int+4 SInv}
   (You found it on level 9 of the Dungeon)

   [ring of see invisible]

   Int:       It affects your intelligence (+4).
   rF:        It protects you from fire.
   rN:        It greatly protects you from negative energy.
   SInv:      It lets you see invisible.
   Contam:    It causes magical contamination when unequipped.
Wands
 d - a wand of mindburst (5)
 v - a wand of flame (64)
 z - a wand of acid (12)
 Q - a wand of polymorph (9)
 U - a wand of roots (11)
Scrolls
 g - a scroll of enchant weapon
 h - 2 scrolls of butterflies
 p - a scroll of magic mapping {unknown}
 w - 3 scrolls of vulnerability
 y - a scroll of silence {unknown}
 B - a scroll of enchant armour {unknown}
 E - a scroll of acquirement {unknown}
 F - a scroll of poison {unknown}
 L - 3 scrolls of immolation
 W - a scroll of summoning {unknown}
 X - a scroll of brand weapon {unknown}
Potions
 c - 3 potions of lignification
 e - a potion of invisibility
 u - a potion of magic
 A - 2 potions of berserk rage
 C - 3 potions of ambrosia
 G - a potion of haste
 M - a potion of flight
 P - a potion of mutation {unknown}
 Z - a potion of cancellation {unknown}
Miscellaneous
 l - a tin of tremorstones (2/2)


   Skills:
 + Level 7.4 Fighting
 - Level 20.3 Axes
 + Level 6.9 Armour
 - Level 2.6 Dodging
 + Level 9.3 Shields


You had 11 spell levels left.
You didn't know any spells.
Your spell library was empty.

Dungeon Overview and Level Annotations

Branches:
Dungeon (14/15)            Temple (0/1) D:5            Lair (0/5) D:11
    Orc (0/2) D:10         Vaults (0/5) D:13

Altars:
Ashenzari
Dithmenos
Elyvilon
Gozag
Okawaru
Qazlal
Trog
Uskayaw
Wu Jian
Zin
The Shining One

Shops:
D:1 *   D:6 (   D:7 *   D:9 (   D:10 (([

Annotations:
D:13 Nessos


Innate Abilities, Weirdness & Mutations

You have a pair of horns on your head.
You reflexively headbutt those who attack you in melee.


Message History

B - a scroll labelled LYPTUYJ BIDAC
Found a mace.
Found an escape hatch in the floor.
You see here a +0 mace.
You open the door.
There is an open door here.
A troll comes into view.
Found a leather armour.
The troll shouts!
A fire elemental comes into view.
Found a sling.
Nessos shouts!
You hear an angry buzzing noise.
You hear a shout!
Nessos shoots an arrow.
The arrow hits you! The arrow burns you.
You are poisoned.
You feel very sick.
Nessos shoots an arrow.
The arrow hits you! The arrow burns you.
Nessos mumbles some strange words.
Nessos seems to speed up.
You hear an angry buzzing noise.
You feel very sick.
You feel very sick.
Nessos shoots an arrow.
The arrow hits you! The arrow burns you.
You are more poisoned.
You feel very sick.
Nessos shoots an arrow.
The arrow hits you! The arrow burns you.
You are lethally poisoned!
* * * LOW HITPOINT WARNING * * *
You feel extremely sick.
Nessos shoots an arrow.
You block the arrow.
Okay, then.
As you read the scroll of teleportation, it crumbles to dust.
You feel strangely unstable.
* * * LOW HITPOINT WARNING * * *
You feel extremely sick.
Nessos shoots an arrow.
The arrow hits you!
* * * LOW HITPOINT WARNING * * *
The arrow burns you.
You are more poisoned.
* * * LOW HITPOINT WARNING * * *
Nessos shoots an arrow.
You block the arrow.
You die...

#.......# ).○.
#.......# ..°..
#.......# #..○.
#.......# ....
#>......# #.T###
#.......# #...#
#.).....## #☼# #
##.###...##########○#.#
#..###..'...@..TE○...#
##.#8##.#######..c#..#
#....##....# #.####....
###8..####.# #.# .....#
##...##..# ..# #.c...
##..8#..#.### ...##
#.<.#..#. ≈≈≈# #..8#..§
§≈§ #...##≈§≈


You could see Nessos (fast), a troll and a fire elemental.

Vanquished Creatures
  A fire dragon (D:9)
  A boulder beetle (D:12)
  3 two-headed ogres
  2 tengu warriors (D:12)
  A skeletal warrior (D:9)
  An ugly thing (D:9)
  A deep elf pyromancer (D:9)
  4 manticores
  5 cyclopes
  A gargoyle (D:12)
  A komodo dragon (D:12)
  A tengu conjurer (D:12)
  7 trolls
  A hornet (D:8)
  Grinder (D:2)
  A slime creature (D:12)
  3 wraiths
  3 shadows
  2 wyverns (D:9)
  6 yaks (D:10)
  A human (D:12)
  2 basilisks
  A steam dragon (D:6)
  5 vampire mosquitoes (D:12)
  An acid dragon (D:11)
  2 water moccasins
  Pargi (D:2)
  4 ice beasts
  4 orc warriors
  3 sky beasts
  2 black bears (D:11)
  An ogre (D:5)
  9 centaurs
  3 bullfrogs
  3 kobold brigands (D:9)
  A necrophage (D:6)
  4 scorpions
  5 wights (D:8)
  An electric eel (D:6)
  2 howler monkeys (D:12)
  A hound (D:5)
  3 jellies
  5 orc priests
  A gnoll bouda (D:9)
  Ijyb (D:3)
  2 iguanas
  8 orc wizards
  6 adders
  15 gnolls
  A shadow imp (D:8)
  2 white imps
  An ufetubus (D:6)
  3 worms
  3 dart slugs
  26 orcs
  7 ball pythons
  5 endoplasms
  4 giant cockroaches
  13 goblins
  9 hobgoblins
  10 kobolds
  2 quokkas
  3 training dummies (D:10)
  4 bats
  3 frilled lizards
  8 rats
247 creatures vanquished.

Vanquished Creatures (others)
  12 fungi (D:11)
  27 plants
39 creatures vanquished.

Grand Total: 286 creatures vanquished

Notes
Turn   | Place    | Note
-------+----------+-------------------------------------------
     0 | D:1      | cheesebisquit the Minotaur Berserker began the quest for
                  | the Orb.
     0 | D:1      | Reached XP level 1. HP: 19/19 MP: 0/0
   186 | D:1      | Found Buklask's Assorted Antiques.
   390 | D:1      | Reached XP level 2. HP: 27/27 MP: 1/1
   698 | D:1      | Reached skill level 4 in Axes
  1021 | D:1      | Reached XP level 3. HP: 33/33 MP: 2/2
  1457 | D:2      | Found a shadowy altar of Dithmenos.
  1891 | D:2      | Reached ** piety under Trog
  1892 | D:2      | Reached skill level 5 in Axes
  2134 | D:3      | Noticed Pargi
  2134 | D:3      | Noticed Grinder
  2137 | D:3      | Paralysed by Grinder for 5 turns
  2150 | D:2      | Killed Pargi
  2151 | D:2      | Reached skill level 6 in Axes
  2151 | D:2      | Reached XP level 4. HP: 40/40 MP: 3/3
  2151 | D:2      | Reached XP level 5. HP: 46/46 MP: 4/4
  2167 | D:3      | Paralysed by Grinder for 2 turns
  2171 | D:3      | Paralysed by Grinder for 4 turns
  2184 | D:2      | Killed Grinder
  2185 | D:2      | Reached skill level 8 in Axes
  2185 | D:2      | Reached XP level 6. HP: 33/52 MP: 5/5
  2497 | D:3      | Noticed Ijyb
  2511 | D:3      | Killed Ijyb
  2619 | D:3      | Found a white marble altar of Elyvilon.
  2619 | D:3      | Found an ornate altar of the Wu Jian Council.
  2754 | D:3      | Found a shadowy altar of Dithmenos.
  2754 | D:3      | Found an opulent altar of Gozag.
  3567 | D:5      | Entered Level 5 of the Dungeon
  3580 | D:5      | Reached skill level 9 in Axes
  3587 | D:5      | Reached XP level 7. HP: 51/59 MP: 6/6
  3839 | D:5      | Found a staircase to the Ecumenical Temple.
  4178 | D:5      | Reached skill level 10 in Axes
  4937 | D:6      | Found Gitzu's Weapon Boutique.
  5164 | D:6      | Reached skill level 11 in Axes
  5164 | D:6      | Reached XP level 8. HP: 66/66 MP: 7/7
  5357 | D:6      | Found a broken altar of Ashenzari.
  5612 | D:6      | Reached skill level 12 in Axes
  5702 | D:6      | Identified the ring "Gech" {rPois rN+ Will+ Int-5}
  5753 | D:6      | Reached skill level 13 in Axes
  6239 | D:7      | Reached XP level 9. HP: 69/71 MP: 8/8
  6297 | D:7      | Reached skill level 14 in Axes
  6300 | D:7      | Found Cenaisk's General Store.
  6308 | D:7      | Bought a scroll of identify for 26 gold pieces
  6308 | D:7      | Bought a potion of heal wounds for 65 gold pieces
  6326 | D:7      | Found a stormy altar of Qazlal.
  6575 | D:7      | Found a bloodstained altar of Trog.
  6632 | D:7      | Found a glowing silver altar of Zin.
  6632 | D:7      | Noticed an angel
  6921 | D:8      | Found an iron altar of Okawaru.
  6943 | D:8      | Paralysed by a hornet for 3 turns
  7223 | D:8      | Reached skill level 15 in Axes
  8111 | D:9      | Found Kifier's Antique Weapon Emporium.
  8182 | D:9      | Noticed a troll
  8191 | D:9      | HP: 2/71 [troll (10)]
  8198 | D:9      | Killed a troll
  8199 | D:9      | Reached skill level 16 in Axes
  8202 | D:10     | Entered Level 10 of the Dungeon
  8509 | D:9      | Reached XP level 10. HP: 55/78 MP: 9/9
  8511 | D:9      | Noticed a skeletal warrior
  8512 | D:9      | Noticed a brown ugly thing
  8801 | D:9      | Killed a brown ugly thing
  8802 | D:9      | Reached skill level 17 in Axes
  9275 | D:9      | Killed a skeletal warrior
  9335 | D:9      | Noticed a two-headed ogre
  9335 | D:9      | Noticed a cyclops
  9352 | D:9      | Killed a cyclops
  9353 | D:9      | Reached skill level 18 in Axes
  9597 | D:9      | Identified the +4 broad axe of Vioz {drain, +Blink MP+9}
  9902 | D:9      | Killed a two-headed ogre
 10005 | D:9      | Found the +14 obsidian axe {vorpal, Mesm Drain Fly SInv}
 10012 | D:9      | Noticed a deep elf pyromancer
 10013 | D:9      | Noticed a two-headed ogre
 10014 | D:9      | Noticed a cyclops
 10015 | D:9      | Noticed a fire dragon
 10019 | D:9      | Killed a deep elf pyromancer
 10020 | D:9      | Reached skill level 19 in Axes
 10022 | D:9      | Killed a two-headed ogre
 10027 | D:9      | Killed a cyclops
 10033 | D:9      | Killed a fire dragon
 10034 | D:9      | Reached XP level 11. HP: 47/84 MP: 10/10
 10050 | D:9      | Identified the ring "Vuujagosk" {Contam rF+ rN++ Int+4
                  | SInv}
 10597 | D:10     | Reached skill level 20 in Axes
 10789 | D:10     | Found a hide-covered altar of Uskayaw.
 10850 | D:10     | Reached skill level 1 in Shields
 10885 | D:10     | Found Seujud's Firing Range.
 11442 | D:10     | Found a glowing golden altar of the Shining One.
 11466 | D:10     | Found Upofenof's Weapon Shop.
 11469 | D:10     | Found a staircase to the Orcish Mines.
 11472 | D:10     | Found Sogh's Armour Shop.
 11481 | D:10     | Reached *** piety under Trog
 11913 | D:11     | Reached skill level 5 in Shields
 12912 | D:11     | Noticed a two-headed ogre
 12917 | D:11     | Killed a two-headed ogre
 12918 | D:11     | Found a staircase to the Lair.
 13070 | D:12     | Noticed a tengu warrior
 13075 | D:12     | Reached skill level 5 in Fighting
 13088 | D:12     | Killed a tengu warrior
 13101 | D:12     | Reached skill level 5 in Armour
 13107 | D:12     | Reached XP level 12. HP: 53/95 MP: 11/11
 13333 | D:12     | You fall into a shaft and drop 2 floors!
 13341 | D:13     | Noticed Nessos
 13341 | D:13     | Noticed a four-headed hydra
 13341 | D:13     | Noticed a two-headed ogre
 13341 | D:13     | Found a gate to the Vaults.
 13547 | D:12     | Noticed a boulder beetle
 13566 | D:12     | Killed a boulder beetle
 14035 | D:12     | Noticed a tengu warrior
 14045 | D:12     | Killed a tengu warrior
 14165 | D:12     | Found a bloodstained altar of Trog.
 14204 | D:12     | Identified the +11 flail of Grandeur {holy, rPois Int+3}
 14407 | D:13     | HP: 1/100 [Nessos/arrow (5)]
 14408 | D:13     | Succumbed to Nessos's poison

Illustrated notes

Levels and vault maps discovered:
D:1:      saegor_arrival_simple_a, layout_basic, serial_shops,
          nicolae_shop_trees, chequers_big_river
D:2:      layout_loops_cross, basic_altar
D:3:      layout_rooms, nicolae_overflow_two_pavilions,
          amethyst_overflow_temple_binary, uniq_ijyb, uniq_grinder, uniq_pargi
D:4:      layout_cave_pods
D:5:      layout_loops_ring, minmay_temple_entry_arrows,
          kennysheep_generic_room_5
D:6:      cheibrodos_helix_gallery, layout_basic, marbit_many_paths,
          serial_shops, nicolae_stop_n_shop_2
D:7:      layout_cave_pools, zin_angel, mainiacjoe_overflow_cross_hatched,
          nicolae_qazlal_eye_of_the_storm, serial_shops, shop
D:8:      layout_basic, okawaru_trees_2
D:9:      minmay_the_grid_triangle_9x9_rhombus_thin_mashed
          [minmay_the_grid_triangle_9x9_alien,
          minmay_the_grid_triangle_9x9_prize_top_heavy,
          minmay_the_grid_triangle_9x9_corrupted_corridor,
          minmay_the_grid_triangle_9x9_pentomino_pain], layout_basic,
          serial_shops, nicolae_shop_temple_entry_statues_fountains
D:10:     layout_loops_ring, mainiacjoe_overflow_six_doors_small,
          mainiacjoe_overflow_brackets, orc_david_3, enter_bailey_3,
          nicolae_shop_firing_range
D:11:     layout_basic, grunt_lair_entry_orc_guard_hut, minmay_misc_feat_doors
D:12:     nzn_winding_woodlands_huge [nzn_winding_woodlands_5x15_parted,
          nzn_winding_woodlands_5x15_pathside_ponds,
          nzn_winding_woodlands_5x15_split_checker,
          nzn_winding_woodlands_5x15_sidewinder,
          nzn_winding_woodlands_5x15_garden,
          nzn_winding_woodlands_5x15_river_crossing,
          nzn_winding_woodlands_5x15_longhouse,
          nzn_winding_woodlands_5x15_sawtooth, nzn_winding_woodlands_5x15_twine,
          nzn_winding_woodlands_5x15_concentric,
          nzn_winding_woodlands_center_lodge,
          nzn_winding_woodlands_center_triple_pond,
          nzn_winding_woodlands_15x15_killbox], layout_rooms, tgw_trog,
          uniq_erolcha
D:13:     layout_basic, david_vaults_3, gauntlet_entry_generic, serial_shops,
          nicolae_lakefront_shop, grunt_ministairs_8, uniq_kirke
D:14:     layout_loops_ring, serial_bayou_pond_c, nicolae_figureground_pulse

Skill      XL: |  1  2  3  4  5  6  7  8  9 10 11 12 |
---------------+-------------------------------------+-----
Fighting       | 4 5 7 |  7.4
Axes           | 4 6 8 9 11 13 16 19 20 | 20.3
Armour         | 3 5 6 |  6.9
Shields        | 8 9 |  9.3
Dodging        | |  2.6

Action                   |  1- 3 |  4- 6 |  7- 9 | 10-12 || total
-------------------------+-------+-------+-------+-------++-------
Melee: Hand axe          |    90 |    76 |   295 |       ||   461
       Headbutt          |    11 |    11 |    60 |    52 ||   134
       Punch             |       |       |     3 |     1 ||     4
       War axe           |       |       |    27 |    50 ||    77
       Broad axe         |       |       |       |   256 ||   256
Invok: Trog's Hand       |     1 |     2 |     6 |    10 ||    19
       Berserk           |     1 |     3 |    10 |     9 ||    23
  Use: Scroll            |       |     3 |    10 |    15 ||    28
       Potion            |       |       |     4 |     8 ||    12
 Stab: Invisible         |       |       |       |     2 ||     2
Armor: Ring mail         |    10 |       |       |       ||    10
       Animal skin       |     4 |       |       |       ||     4
       Plate armour      |    29 |    35 |   188 |   175 ||   427
       Skin              |       |       |       |     3 ||     3
Dodge: Dodged            |    47 |    19 |   111 |    56 ||   233
Block: Tower shield      |       |       |       |   213 ||   213
